AoeStats
← Fedequemero73

Arabia

507012529Analyzed
4v4 RM · 16d ago on Sep 16, 2026· 45m 18s· 8 players
Game mode
Random Map
Map size
Large (8 player)
Population
200
Speed
Normal
Resources
Standard
Victory
Conquest
Starting age
Dark Age
Ending age
Imperial Age
RankedLock teamsTeams togetherTeam positionsShared explorationLock speedFull tech treeHidden civsTurbo modeCheats
Victory
Defeat
🇧🇷 Japanese · Brazil
884
+10
🇮🇳 Khmer · India
870
+11
🇮🇳 Huns · India
861
+11
🇨🇳 Hindustanis · China
845
+11
🇹🇷 Celts · Türkiye
833
-13
🇹🇼 Mongols · Taiwan
798
-13
🇹🇷 Bulgarians · Türkiye
729
-10
🇪🇸 Britons · Spain
626
-7
Fedequemero73
0:44 Loom
12:17 Feudal Age
13:04 Double-Bit Axe
25:50 Castle Age
26:16 Fletching
26:26 Padded Archer Armor
26:28 Scale Mail Armor
26:39 Forging
29:04 Wheelbarrow
27:54 Crossbowman
28:55 Gold Mining
28:59 Stone Mining
29:55 Bow Saw
34:41 Hand Cart
34:11 Town Watch
37:02 Pikeman
38:04 Gambesons
38:48 Ballistics
42:16 Imperial Age
39:47 Town Patrol
43:14 Yeomen
44:58 Chemistry
44:09 Fortified Wall
43:59 Murder Holes
44:42 Iron Casting
Uruz_7
5:40 Loom
10:08 Feudal Age
11:16 Double-Bit Axe
18:48 Castle Age
17:55 Fletching
20:04 Husbandry
22:04 Thumb Ring
26:11 Bodkin Arrow
27:45 Bloodlines
29:23 Ballistics
30:03 Wheelbarrow
30:01 Padded Archer Armor
30:16 Horse Collar
36:34 Imperial Age
37:36 Heavy Camel Rider
38:40 Conscription
40:24 Onager
41:24 Heavy Camel Rider
43:56 Fortified Wall
MHPL
0:27 Loom
12:24 Feudal Age
13:01 Double-Bit Axe
12:57 Horse Collar
33:45 Arson
OmerMuzo
0:32 Loom
13:11 Feudal Age
17:32 Castle Age
15:41 Stone Mining
16:23 Horse Collar
17:33 Double-Bit Axe
19:22 Wheelbarrow
20:42 Hand Cart
22:49 Heavy Plow
27:50 Gold Mining
30:01 Gold Shaft Mining
34:22 Imperial Age
32:10 Fortified Wall
32:15 Forging
32:05 Scale Mail Armor
34:27 Elite Woad Raider
35:28 Conscription
35:04 Pikeman
goofy_1412
11:35 Feudal Age
12:20 Double-Bit Axe
13:33 Horse Collar
13:50 Gold Mining
14:08 Stone Mining
20:02 Castle Age
18:33 Gold Mining
23:53 Town Watch
25:46 Wheelbarrow
27:24 Hand Cart
28:12 Ballistics
28:58 Bow Saw
30:20 Town Patrol
33:35 Imperial Age
31:47 Heavy Plow
32:26 Gold Shaft Mining
34:05 Heavy Scorpion
36:48 Double Crossbow
37:56 Chemistry
AOE2
0:27 Loom
14:13 Feudal Age
16:43 Wheelbarrow
19:15 Castle Age
17:38 Double-Bit Axe
17:35 Horse Collar
18:05 Stone Mining
18:15 Gold Mining
24:38 Forging
24:34 Scale Barding Armor
24:58 Light Cavalry
25:49 Bloodlines
25:39 Husbandry
27:12 Heavy Plow
30:19 Gold Shaft Mining
30:03 Hand Cart
29:39 Town Watch
30:08 Bow Saw
30:39 Iron Casting
33:55 Imperial Age
32:37 Chain Barding Armor
34:13 Marauders
34:18 Elite Tarkan
35:23 Conscription
36:09 Blast Furnace
35:45 Plate Barding Armor
35:52 Murder Holes
36:08 Masonry
rafa.reijkavic
11:16 Feudal Age
11:18 Man-at-Arms
12:56 Forging
17:25 Scale Mail Armor
18:01 Loom
22:22 Castle Age
20:47 Arson
30:04 Fletching
含光
11:33 Feudal Age
12:54 Wheelbarrow
12:26 Double-Bit Axe
15:15 Horse Collar
20:49 Castle Age
22:02 Hand Cart
23:23 Bow Saw
23:17 Heavy Plow
31:04 Husbandry
31:15 Bloodlines
34:05 Stone Mining
34:20 Light Cavalry
44:11 Imperial Age
44:01 Caravan
45:10 Hussar
Connection lost

Rejoining the realm…

Still unreachable

The connection could not be restored.

Session expired

The server has moved on; the page needs a fresh start.